 Dungeon Crawl Stone Soup version 0.26-a0-812-g31a745ddcd (webtiles) character file.

Game seed: 15779600120675785529

10942 kae the Martial Artist (level 11, -5/76 HPs)
             Began as a Tengu Transmuter on Nov 23, 2020.
             Was an Elder of Wu Jian.
             Slain by a death yak (8 damage)
             ... in an ice cave.
             The game lasted 00:12:48 (13693 turns).

kae the Martial Artist (Tengu Transmuter)          Turns: 13693, Time: 00:12:49

Health: -5/76      AC:  6    Str: 13    XL:     11   Next: 70%
Magic:  17/20      EV: 17    Int: 13    God:    Wu Jian [****..]
Gold:   690        SH:  0    Dex: 16    Spells: 7/21 levels left

rFire    x . .     SeeInvis +     - Unarmed
rCold    + + +     Faith    .   (shield currently unavailable)
rNeg     . . .     Spirit   .   (armour currently unavailable)
rPois    +         Reflect  .   (helmet currently unavailable)
rElec    .         Harm     .   (cloak currently unavailable)
rCorr    .         Rampage  .   (gloves currently unavailable)
MR       .....                  (boots unavailable)
Stlth    +.........             m - amulet of regeneration
HPRegen  0.62/turn              s - ring of wizardry
MPRegen  0.17/turn              l - ring of see invisible

@: ice-form, flying quickly and evasively, quick
A: large, able to fly
a: Stop Flying, End Transformation, Wall Jump, Serpent's Lash, Renounce Religion


You were in an ice cave.
You worshipped Wu Jian.
Wu Jian was greatly pleased with you.
You were a creature of crystalline ice.
You visited 1 branch of the dungeon, and saw 11 of its levels.
You also visited: Ice Cave.

You collected 690 gold pieces.

Inventory:

Armour
 a - a +0 robe (melded)
 d - a +0 cloak (melded)
Jewellery
 e - an uncursed ring of resist corrosion
 i - an uncursed ring of ice
 j - an uncursed amulet of guardian spirit
 l - a ring of see invisible (right front paw)
 m - an amulet of regeneration (around neck)
 s - a ring of wizardry (left front paw)
 y - an uncursed amulet of faith
 B - an uncursed amulet of magic regeneration
Wands
 A - a wand of iceblast (18)
 C - a wand of flame (28)
Scrolls
 b - a scroll of magic mapping
 c - 3 scrolls of immolation
 f - 7 scrolls of remove curse
 t - a scroll of amnesia
 u - 5 scrolls of teleportation
 w - 3 scrolls of enchant weapon
 z - 2 scrolls of identify
 D - a scroll of summoning {unknown}
Potions
 g - 3 potions of attraction
 h - a potion of berserk rage
 k - a potion of ambrosia
 n - a potion of cancellation
 o - 2 potions of invisibility
 p - a potion of haste {unknown}
 q - 4 potions of curing
 r - a potion of might
 v - a potion of resistance
 x - a potion of magic


   Skills:
 + Level 6.0 Fighting
 + Level 6.4 Armour
 + Level 6.9 Dodging
 * Level 10.1 Unarmed Combat
 + Level 5.9 Spellcasting
 * Level 7.6 Transmutations
 - Level 4.0 Ice Magic
 - Level 3.0 Poison Magic


You had 7 spell levels left.
You knew the following spells:

 Your Spells              Type           Power        Failure   Level
a - Beastly Appendage     Tmut           ###...       1%          1
b - Spider Form           Tmut/Pois      ###.......   2%          3
c - Blade Hands           Tmut           ###.......   9%          5
d - Ice Form              Ice/Tmut       ###.....     6%          4
e - Sting                 Tmut/Pois      ###.         1%          1

Your spell library contained the following spells:

 Spells                   Type           Power        Failure   Level
 Wereblood                Tmut           ###.....     1%          2
 Summon Small Mammal      Summ           #...         7%          1
 Call Imp                 Summ           #.......     11%         2
 Call Canine Familiar     Summ           #.......     21%         3
 Summon Guardian Golem    Hex/Summ       #.......     21%         3
 Alistair's Intoxication  Tmut/Pois      ###......    21%         5
 Summon Ice Beast         Ice/Summ       #.......     28%         4
 Summon Lightning Spire   Summ/Air       #.......     52%         4
 Eringya's Noxious Bog    Tmut/Pois      ###.......   71%         6
 Statue Form              Tmut/Erth      ##.......    89%         6


Dungeon Overview and Level Annotations

Branches:
Dungeon (11/15)            Temple (0/1) D:5            Lair (0/6) D:11
  IceCv (1/1)
    Orc: D:9-12

Altars:
Dithmenos
Elyvilon
Gozag
Nemelex Xobeh
Okawaru
Qazlal
Uskayaw
Wu Jian
Xom

Annotations:
D:3 2 runed translucent doors, harkrass's ghost, amateur MiFi
D:9 4 runed translucent doors, exclusion: 2 trolls


Innate Abilities, Weirdness & Mutations

((You have a beak for a mouth.))
((You have claws for feet.))
You can fly continuously.


Message History

The death yak barely misses you.
You completely miss the death yak.
The death yak is lightly wounded.
The death yak gores you.
You pummel the death yak!! You freeze the death yak.
The death yak is moderately wounded.
You punch the death yak! You freeze the death yak.
The death yak is heavily wounded.
The death yak gores you!!
You completely miss the death yak.
The death yak is heavily wounded.
The death yak gores you!!
You pummel the death yak!! You freeze the death yak.
The death yak is almost dead.
The death yak gores you!!
* * * LOW HITPOINT WARNING * * *
You hit the death yak. You freeze the death yak.
The death yak is almost dead.
The death yak gores you!
You die...

## YY .. .# #Y#Y# ...##
#..## ###..# #####Y..## ###
####.##Yh### ).##
##.....Y#..# ...##
##..#####.### )...# ##....#
..# #...# #..###.########
#.### ##...# ##....#.##
#..####..#####..##....#####
###.÷..### #..####..##∩..##
###### #○☼###..####..∩#
###..# ##.○○##..# #....#


You could see a death yak, a polar bear and a yak.

Vanquished Creatures
  Erica (D:8)
  Nergalle (D:10)
  A cyclops (D:11)
  A centaur skeleton (D:10)
  Maggie (D:8)
  3 polar bears (IceCv)
  2 hornets
  5 yaks (IceCv)
  A shadow (D:11)
  A wyvern (D:7)
  2 water moccasins
  A black bear (D:9)
  12 ice beasts
  4 ogres
  2 necrophages (D:9)
  5 sky beasts
  3 phantoms
  5 centaurs
  11 wolves (IceCv)
  3 big kobolds
  2 bullfrogs
  A gnoll sergeant (D:9)
  5 scorpions
  14 wights
  3 electric eels (D:8)
  7 howler monkeys
  A jelly (D:9)
  A bullfrog zombie (D:7)
  A quasit (D:6)
  3 orc priests
  6 hounds
  2 bullfrog skeletons
  Terence (D:3)
  8 orc wizards
  2 iguanas
  10 worker ants
  A hound zombie (D:9)
  A hound skeleton (D:9)
  A worker ant zombie (D:7)
  5 gnolls (D:9)
  A howler monkey skeleton (D:5)
  12 adders
  2 shadow imps (D:7)
  2 white imps
  3 ufetubi
  An ooze (D:3)
  A worm (D:4)
  3 dart slugs
  7 leopard geckos
  36 orcs
  2 ball pythons (D:5)
  4 bats
  7 giant cockroaches
  7 goblins
  5 hobgoblins
  3 jackals (D:4)
  25 kobolds
  7 quokkas
  7 frilled lizards
  3 rats
278 creatures vanquished.

Vanquished Creatures (others)
  A worker ant zombie (D:5)
  A leopard gecko (D:5)
  A quokka (D:5)
  11 plants (D:8)
14 creatures vanquished.

Grand Total: 292 creatures vanquished

Notes
Turn   | Place    | Note
-------+----------+-------------------------------------------
     0 | D:1      | kae the Tengu Transmuter began the quest for the Orb.
     0 | D:1      | Reached XP level 1. HP: 12/12 MP: 4/4
   441 | D:1      | Reached XP level 2. HP: 14/16 MP: 6/6
  1230 | D:1      | Reached XP level 3. HP: 20/20 MP: 7/7
  1973 | D:2      | Reached skill level 1 in Armour
  2413 | D:1      | Learned a level 3 spell: Spider Form
  3349 | D:2      | Reached XP level 4. HP: 19/25 MP: 5/8
  3452 | D:3      | Found a runed translucent door.
  3456 | D:3      | Found a shimmering altar of Xom.
  3465 | D:3      | Reached skill level 4 in Unarmed Combat
  3885 | D:3      | Noticed Terence
  4130 | D:3      | Killed Terence
  4130 | D:3      | Gained mutation: You can fly continuously. [Tengu growth]
  4130 | D:3      | Reached XP level 5. HP: 26/30 MP: 6/9
  4331 | D:3      | Found an ornate altar of the Wu Jian Council.
  4449 | D:3      | Became a worshipper of the Wu Jian Council
  4746 | D:3      | Found a runed translucent door.
  4751 | D:3      | Noticed harkrass's ghost (amateur MiFi)
  5153 | D:4      | Reached skill level 1 in Poison Magic
  5230 | D:4      | Reached XP level 6. HP: 31/35 MP: 8/10
  5324 | D:4      | Found a shadowy altar of Dithmenos.
  5644 | D:4      | Found a sparkling altar of Nemelex Xobeh.
  5724 | D:4      | Reached XP level 7. HP: 33/40 MP: 10/12
  5856 | D:4      | Reached skill level 5 in Unarmed Combat
  5922 | D:4      | Reached * piety under Wu Jian
  6126 | D:5      | Entered Level 5 of the Dungeon
  6344 | D:5      | Found a staircase to the Ecumenical Temple.
  6370 | D:5      | Found an iron altar of Okawaru.
  6653 | D:5      | Reached XP level 8. HP: 38/45 MP: 8/13
  6993 | D:5      | Found a white marble altar of Elyvilon.
  7188 | D:6      | Reached skill level 6 in Unarmed Combat
  7303 | D:6      | Found a stormy altar of Qazlal.
  7449 | D:6      | Reached ** piety under Wu Jian
  8025 | D:7      | Reached XP level 9. HP: 51/51 MP: 11/15
  8093 | D:7      | Reached skill level 5 in Transmutations
  8234 | D:7      | Reached skill level 7 in Unarmed Combat
  8454 | D:7      | Reached skill level 5 in Dodging
  9192 | D:8      | Found a hide-covered altar of Uskayaw.
  9254 | D:8      | Noticed Erica
  9315 | D:7      | Learned a level 5 spell: Blade Hands
  9320 | D:7      | Learned a level 4 spell: Ice Form
  9599 | D:8      | Noticed Maggie
  9618 | D:8      | Killed Maggie
  9618 | D:8      | Reached skill level 8 in Unarmed Combat
  9618 | D:8      | Reached skill level 1 in Ice Magic
  9618 | D:8      | Reached XP level 10. HP: 47/58 MP: 15/18
  9756 | D:8      | Reached skill level 5 in Armour
 10259 | D:8      | Killed Erica
 10259 | D:8      | Reached skill level 5 in Spellcasting
 10748 | D:8      | Identified a scroll of acquirement
 10748 | D:8      | Acquired the Volume of Venomous Changing
 10773 | D:9      | Reached skill level 5 in Fighting
 10776 | D:9      | Learned a level 1 spell: Sting
 10896 | D:9      | Found an opulent altar of Gozag.
 10897 | D:9      | Found a runed translucent door.
 10937 | D:9      | Found a runed translucent door.
 11159 | D:9      | Reached *** piety under Wu Jian
 11408 | D:9      | Found a runed translucent door.
 11542 | D:9      | Found a runed translucent door.
 11687 | D:9      | Reached skill level 9 in Unarmed Combat
 11943 | D:10     | Entered Level 10 of the Dungeon
 11986 | D:10     | Noticed Nergalle
 12009 | D:10     | Killed Nergalle
 12009 | D:10     | Reached XP level 11. HP: 34/64 MP: 15/19
 12739 | D:11     | Noticed a cyclops
 12746 | D:11     | Found a frozen archway.
 12932 | D:11     | Killed a cyclops
 12998 | IceCv    | Entered an ice cave
 13046 | IceCv    | Reached **** piety under Wu Jian
 13220 | IceCv    | Reached skill level 10 in Unarmed Combat
 13676 | IceCv    | Noticed a death yak
 13692 | IceCv    | HP: 2/76 [death yak (25)]
 13693 | IceCv    | Slain by a death yak

Illustrated notes

Levels and vault maps discovered:
D:1:      minmay_arrival_wavy_path, layout_loops_corners, chequers_avenue
D:2:      layout_loops_ring, minmay_misc_feat_rows
D:3:      layout_loops_cross, lemuel_coloured_pillars_altar,
          ebering_ghost_sewer_f, xom_teletrap_fun, uniq_terence
D:4:      layout_gridville, lemuel_doored_altar,
          nemelex_xobeh_ov_fountains_minmay
D:5:      layout_gridville, okawaru_trees_1, lemuel_temple_firewalk_b,
          elyvilon_altar_4
D:6:      layout_gridville, grunt_qazlal_sundering, minmay_unpleasant_kobolds
D:7:      layout_gridville
D:8:      layout_basic, eat_drink_and_be_merry_uskayaw,
          small_statue_intersection, serial_bayou_lake_a, uniq_erica,
          uniq_maggie
D:9:      layout_basic, grunt_gozag_breadcrumbs, minmay_statue_crystal_thing
D:10:     layout_cave_pools, minmay_misc_feat_doors, uniq_nergalle
D:11:     minmay_the_grid_triangle_9x9_rhombus_thin_mashed
          [minmay_the_grid_triangle_9x9_minimal,
          minmay_the_grid_triangle_9x9_prize_schism,
          minmay_the_grid_triangle_9x9_steps,
          minmay_the_grid_triangle_9x9_descending_squares], layout_small_grid,
          lair_entry_dummy, portal_ice_cave_entry_ice_beasts, uniq_harold,
          uniq_maurice
IceCv:    ice_cave_caverns_03

Skill      XL: |  1  2  3  4  5  6  7  8  9 10 11 |
---------------+----------------------------------+-----
Transmutations | 2 3 4 5 6 7 |  7.6
Armour         | 1 2 3 4 5 6 |  6.4
Unarmed Combat | 4 5 6 8 9 10 | 10.1
Poison Magic   | 1 2 3 |  3.0
Dodging        | 3 4 5 6 |  6.9
Fighting       | 2 3 4 5 6 |  6.0
Spellcasting   | 3 4 5 |  5.9
Ice Magic      | 1 3 4 |  4.0

Action                   |  1- 3 |  4- 6 |  7- 9 | 10-12 || total
-------------------------+-------+-------+-------+-------++-------
Melee: Unarmed           |    94 |   120 |   397 |   328 ||   939
       Kick              |    18 |    21 |    46 |    16 ||   101
       Peck              |    11 |    11 |    19 |    12 ||    53
       Headbutt          |     5 |     7 |     9 |       ||    21
       Punch             |     2 |     1 |     4 |     4 ||    11
 Cast: Beastly Appendage |    18 |    21 |    11 |     1 ||    51
       Spider Form       |     2 |     7 |    32 |     2 ||    43
       Ice Form          |       |       |     1 |    33 ||    34
       Blade Hands       |       |       |       |     5 ||     5
       Sting             |       |       |       |    11 ||    11
Invok: Lunge             |       |     9 |    25 |    25 ||    59
       Whirlwind         |       |       |     1 |    19 ||    20
 Abil: Fly               |       |     1 |       |       ||     1
       End Transformatio |       |       |       |     1 ||     1
  Use: Scroll            |     6 |       |     7 |     8 ||    21
       Potion            |     1 |       |     3 |     1 ||     5
 Stab: Sleeping          |     4 |     2 |     3 |       ||     9
Armor: Robe              |    24 |     5 |    13 |     6 ||    48
       Skin              |     1 |     2 |     8 |    59 ||    70
Dodge: Dodged            |    67 |    84 |   339 |   191 ||   681

Table legend: (Time is in decaauts)
 A = Elapsed time spent in this place.
 B = Non-inter-level travel time spent in this place.
 C = Inter-level travel time spent in this place.
 D = Time resting spent in this place.
 E = Time spent auto-exploring this place.
 F = Levels seen in this place.
 G = Mean time per level.
                   A        B        C        D        E       F      G
               +--------+--------+--------+--------+--------+-----+--------+
         Total |  13046 |  12624 |    422 |   1816 |   8608 |  12 | 1087.2 |
       Dungeon |  12392 |  11970 |    422 |   1693 |   8281 |  11 | 1126.5 |
      Ice Cave |    653 |    653 |      0 |    122 |    326 |   1 |  653.0 |
               +--------+--------+--------+--------+--------+-----+--------+

Top non-repeatable levels by time:
     D:1: 2597 daAuts
     D:3: 1487 daAuts
     D:8: 1369 daAuts
     D:7: 1215 daAuts
     D:9: 1099 daAuts
     D:2: 1038 daAuts
     D:5: 933 daAuts
     D:4: 911 daAuts
     D:6: 758 daAuts
   IceCv: 653 daAuts
    D:10: 519 daAuts
    D:11: 461 daAuts
